 Dungeon Crawl Stone Soup version 0.24-a0-699-g5a66b1aa3b (webtiles) character file.

Game seed: 12165785641035576752, levelgen mode: deterministic

4059 Kairok the Slicer (level 10, 0/53 HPs)
             Began as a Vine Stalker Monk on Sept 29, 2019.
             Was a Believer of Okawaru.
             Slain by an orc knight
             ... wielding a +3 glaive
              (20 damage)
             ... on level 7 of the Dungeon.
             The game lasted 00:13:04 (6530 turns).

Kairok the Slicer (Vine Stalker Monk)               Turns: 6530, Time: 00:13:04

Health: 0/53       AC: 11    Str: 17    XL:     10   Next: 25%
Magic:  0/11       EV: 13    Int: 16    God:    Okawaru [**....]
Gold:   404        SH:  0    Dex: 21    Spells: 9/9 levels left

rFire    . . .     SeeInvis .   n - +1 dagger (venom)
rCold    . . .     Gourm    .   (no shield)
rNeg     . . .     Faith    .   D - +1 scale mail of the Pure Scars {Regen+ Int+6 Dex+2 Stlth+} (curse)
rPois    .         Spirit   +   o - +0 helmet
rElec    .         Reflect  .   s - +0 cloak {MR+}
rCorr    +         Harm     .   (no gloves)
MR       ++...                  (no boots)
Stlth    +++.......             f - amulet of regeneration
HPRegen  1.37/turn              d - +2 ring of strength
MPRegen  0.12/turn              x - ring of resist corrosion

@: no status effects
A: fangs 3, regeneration 1, magic shield, antimagic bite, no potion heal 3, rot
immunity
a: Heroism, Renounce Religion


You were on level 7 of the Dungeon.
You worshipped Okawaru.
Okawaru was pleased with you.
You were hungry.

You visited 1 branch of the dungeon, and saw 7 of its levels.

You collected 404 gold pieces.

Inventory:

Hand Weapons
 a - a +0 short sword
 n - a +1 dagger of venom (weapon)
 q - a +1 dagger of freezing
Missiles
 i - 10 javelins (quivered)
Armour
 b - a +0 robe
 e - a +0 scale mail
 k - a +0 cloak
 o - a +0 helmet (worn)
 s - a +0 cloak of magic resistance (worn)
 D - the cursed +1 scale mail of the Pure Scars (worn) {Regen+ Int+6 Dex+2 Stlth+}
   (You found it on level 7 of the Dungeon)

   It affects your intelligence (+6).
   It affects your dexterity (+2).
   It increases your rate of regeneration.
   It makes you more stealthy.
   It has a curse placed upon it.
Jewellery
 d - a +2 ring of strength (left hand)
 f - an amulet of regeneration (around neck)
 x - a ring of resist corrosion (right hand)
Wands
 w - a wand of flame (34)
 C - a wand of scattershot (4)
Scrolls
 l - 2 scrolls of remove curse
 p - 2 scrolls of fog
 r - 2 scrolls of amnesia
 t - 2 scrolls of magic mapping
 u - 2 scrolls of immolation
 v - 3 scrolls of teleportation
 z - a scroll of vulnerability {unknown}
 E - a scroll of silence {unknown}
Potions
 g - 2 potions of lignification
 h - 7 potions of curing
 j - 2 potions of haste
 m - 3 potions of brilliance
 A - 2 potions of magic {unknown}
 B - a potion of flight
 F - a potion of degeneration {unknown}
Comestibles
 c - 8 rations


   Skills:
 + Level 6.0 Fighting
 + Level 8.4 Short Blades
 + Level 1.3 Throwing
 + Level 6.5 Armour
 + Level 5.1 Dodging
 + Level 4.1 Stealth


You had 9 spell levels left.
You didn't know any spells.
Your spell library contained the following spells:

 Spells                   Type           Power        Failure   Level  Hunger
 Confusing Touch          Hex            #.....       58%         1    ##.....
 Flame Tongue             Conj/Fire      #....        58%         1    ##.....
 Sandblast                Erth           #.....       58%         1    ##.....
 Passwall                 Tmut/Erth      #.......     75%         2    ###....
 Confuse                  Hex            #.......     92%         3    ####...
 Gell's Gravitas          Tloc           #.........   92%         3    ####...
 Static Discharge         Conj/Air       #.......     92%         3    ####...
 Stone Arrow              Conj/Erth      #.....       92%         3    ####...
 Cause Fear               Hex            #.........   100%        4    #####..
 Petrify                  Tmut/Erth      #.......     100%        4    #####..
 Lee's Rapid Deconstruct  Erth           #.........   100%        5    ######.
 Lightning Bolt           Conj/Air       #.........   100%        5    ######.
 Metabolic Englaciation   Hex/Ice        #.........   100%        5    ######.
 Yara's Violent Unravell  Hex/Tmut       #.........   100%        5    ######.
 Bolt of Fire             Conj/Fire      #.........   100%        6    #######
 Dragon Form              Tmut           #.........   100%        7    #######
 Ignition                 Fire           #.........   100%        8    #######
 Dragon's Call            Summ           #.........   100%        9    #######
 Shatter                  Erth           #.........   100%        9    #######
 Tornado                  Air            #.........   100%        9    #######


Dungeon Overview and Level Annotations

Branches:
Dungeon (7/15)
 Temple: D:4-7

Altars:
Dithmenos
Hepliaklqana
Kikubaaqudgha
Makhleb
Okawaru
Qazlal
Sif Muna
Wu Jian


Innate Abilities, Weirdness & Mutations

You have razor-sharp teeth.
Your natural rate of healing is unusually fast.
When hurt, damage is shared between your health and your magic reserves.
Your bite disrupts and absorbs the magic of your enemies.
Potions cannot restore your health.
You are immune to rotting.


Message History

Aim: an orc knight, wielding a +3 glaive and wearing a +0 chain mail (severely wounded)
The burst of metal fragments hits the orc knight but does no damage. x3
The orc knight is severely wounded.
The orc knight throws a boomerang.
The boomerang hits you.
The weapon returns to the orc knight!
Evoke which item? (* to show all) (? for menu, Esc to quit)
Aiming: Iceblast
Press: ? - help, Shift-Dir - straight line, f/p - orc knight
Aim: an orc knight, wielding a +3 glaive and wearing a +0 chain mail (severely wounded)
The mass of ice explodes!
The iceblast engulfs the orc knight!
The orc knight is severely wounded.
The now-empty wand crumbles to dust.
Evoke which item? (* to show all) (? for menu, Esc to quit)
Aiming: Scattershot
Press: ? - help, Shift-Dir - straight line, f/p - orc knight
Aim: an orc knight, wielding a +3 glaive and wearing a +0 chain mail (severely wounded)
The burst of metal fragments hits the orc knight but does no damage. x3
The orc knight is severely wounded.
The orc knight hits you from afar with a +3 glaive!!
You die...

.(###.###...#...#...##...##.)##
(.#.....'...#...#...'.....#..#
..###.###...##.##...#†#...#..####
..#.....#....#.#....#[..#.#.)....
..########...#.#...########......
.........##.......##............#
..........##.....##.......#..##.#
.####......###'###..............#
.# #.........o.@......#.....#..#
.# #...#..........<...#.....#.#.
## #...##########.....#.....#...
#...# #.(...#....>#.#. #...#
###..##.##.#....#. #####
#.....#....#.#..#.
#.#...######.#..#< #.#...#
#...#..## #.##.## #...#....


You could see an orc knight.

Vanquished Creatures
  A troll (D:7)
  A hippogriff (D:7)
  A hungry ghost (D:7)
  A water moccasin (D:7)
  3 sky beasts
  2 phantoms
  3 orc warriors (D:7)
  5 ogres
  4 centaurs
  4 bullfrogs
  2 big kobolds (D:7)
  2 scorpions
  A water moccasin skeleton (D:7)
  5 wights (D:7)
  A killer bee (D:7)
  2 crimson imps
  2 jellies
  3 orc priests
  5 hounds
  10 orc wizards
  4 bullfrog skeletons
  7 worker ants
  A hound skeleton (D:7)
  Robin (D:2)
  2 howler monkey skeletons (D:7)
  9 adders
  2 shadow imps
  2 oozes
  3 adder skeletons
  An adder zombie (D:7)
  A worm (D:3)
  7 dart slugs
  3 leopard geckos
  13 orcs
  4 giant cockroaches
  6 hobgoblins
  2 jackals (D:7)
  2 quokkas
  3 ball pythons (D:5)
  7 bats
  3 frilled lizards
  16 goblins
  A jackal skeleton (D:6)
  5 kobolds
  4 rats
167 creatures vanquished.

Vanquished Creatures (others)
  A plant (D:5)
1 creature vanquished.

Grand Total: 168 creatures vanquished

Notes
Turn   | Place    | Note
-------+----------+-------------------------------------------
     0 | D:1      | Kairok the Vine Stalker Monk began the quest for the Orb.
     0 | D:1      | Reached XP level 1. HP: 11/11 MP: 2/2
   510 | D:1      | Reached XP level 2. HP: 4/16 MP: 1/3
   768 | D:1      | Reached skill level 3 in Short Blades
  1270 | D:2      | Noticed Robin
  1295 | D:2      | Reached XP level 3. HP: 20/20 MP: 4/4
  1378 | D:2      | Gained mutation: Your natural rate of healing is unusually
                  | fast. [Vine Stalker growth]
  1378 | D:2      | Reached XP level 4. HP: 24/24 MP: 5/5
  1618 | D:2      | Found an ornate altar of the Wu Jian Council.
  1674 | D:2      | Found a burning altar of Makhleb.
  1745 | D:2      | Killed Robin
  2604 | D:4      | Reached skill level 4 in Short Blades
  2604 | D:4      | Reached skill level 1 in Armour
  2604 | D:4      | Reached XP level 5. HP: 28/28 MP: 6/6
  2880 | D:4      | Noticed an ogre
  2891 | D:4      | Killed an ogre
  2891 | D:4      | Reached XP level 6. HP: 24/32 MP: 3/7
  3087 | D:4      | Found a stormy altar of Qazlal.
  3332 | D:5      | Entered Level 5 of the Dungeon
  3346 | D:5      | Noticed a sky beast
  3374 | D:5      | Killed a sky beast
  3418 | D:5      | Reached XP level 7. HP: 36/36 MP: 8/8
  3602 | D:5      | Reached skill level 5 in Short Blades
  3796 | D:5      | Gained mutation: You have razor-sharp teeth. [Vine Stalker
                  | growth]
  3796 | D:5      | Reached XP level 8. HP: 39/42 MP: 9/9
  4216 | D:5      | Reached skill level 6 in Short Blades
  4591 | D:6      | Found a shadowy altar of Dithmenos.
  4742 | D:6      | Reached skill level 5 in Armour
  4898 | D:6      | Reached XP level 9. HP: 45/46 MP: 8/10
  5352 | D:7      | Reached skill level 7 in Short Blades
  5364 | D:7      | Noticed an orc knight
  5395 | D:7      | Reached skill level 5 in Fighting
  5438 | D:7      | Reached skill level 1 in Throwing
  5515 | D:7      | Found an ancient bone altar of Kikubaaqudgha.
  5519 | D:7      | Found a shimmering blue altar of Sif Muna.
  5529 | D:7      | Found an iron altar of Okawaru.
  5710 | D:7      | Reached skill level 8 in Short Blades
  5730 | D:7      | Became a worshipper of Warmaster Okawaru
  5730 | D:7      | Reached * piety under Okawaru
  5730 | D:7      | Reached ** piety under Okawaru
  5868 | D:7      | Reached XP level 10. HP: 52/52 MP: 11/11
  5931 | D:7      | Reached skill level 5 in Dodging
  6074 | D:7      | Found a hazy altar of Hepliaklqana.
  6075 | D:7      | Got a brightly glowing scale mail
  6111 | D:7      | Identified the cursed +1 scale mail of the Pure Scars
                  | {Regen+ Int+6 Dex+2 Stlth+} (You found it on level 7 of the
                  | Dungeon)
  6530 | D:7      | Slain by an orc knight

Levels and vault maps discovered:
D:1:      dpeg_arrival_connections, layout_loops_cross,
          ebering_dispersal_statue_hall
D:2:      layout_basic, lightli_temple_of_fire, lemuel_crystal_altar, uniq_robin
D:3:      layout_basic
D:4:      layout_loops_ring, marbit_many_paths, first_ration
D:5:      layout_basic, saegor_snake_ambush
D:6:      layout_loops_ring, lemuel_round_altar, minmay_misc_feat_cross
D:7:      minmay_the_grid_octo_tiled_squarecenter
          [minmay_the_grid_octo_vomiting_pacman,
          minmay_the_grid_octo_fat_diamond, minmay_the_grid_octo_chip,
          minmay_the_grid_octo_checkered,
          minmay_the_grid_square_5x5_megaprize_diamond,
          minmay_the_grid_square_5x5_fat_x, minmay_the_grid_square_5x5_tie,
          minmay_the_grid_square_5x5_mess, minmay_the_grid_square_5x5_inner_i],
          layout_basic, grunt_temple_overflow_open, minmay_temple_entry_fiery,
          basic_altar

Skill      XL: |  1  2  3  4  5  6  7  8  9 10 |
---------------+-------------------------------+-----
Short Blades   | 3 4 5 6 8 |  8.4
Fighting       | 3 4 5 6 |  6.0
Armour         | 1 2 3 5 6 |  6.5
Dodging        | 3 4 5 |  5.1
Stealth        | 3 4 |  4.1
Throwing       | 1 |  1.3

Action                   |  1- 3 |  4- 6 |  7- 9 | 10-12 || total
-------------------------+-------+-------+-------+-------++-------
Melee: Short sword       |    43 |       |       |       ||    43
       Bite              |    26 |    49 |   197 |    47 ||   319
       Dagger            |    45 |   125 |   446 |   116 ||   732
Throw: Javelin           |     2 |     3 |     4 |       ||     9
Evoke: Wand              |       |       |       |    24 ||    24
  Use: Scroll            |     3 |     1 |     6 |       ||    10
       Potion            |     1 |     4 |       |       ||     5
 Stab: Sleeping          |       |       |     1 |       ||     1
  Eat: Chunk             |     1 |     3 |     9 |     2 ||    15
       Ration            |       |     1 |       |       ||     1
Armor: Robe              |     7 |       |       |       ||     7
       Scale mail        |    28 |    39 |   138 |    25 ||   230
Dodge: Dodged            |    39 |    49 |   193 |    60 ||   341

Table legend:
 A = Non-vault XP
 B = Vault XP
 C = Vault XP percentage of total XP
 D = Non-vault monster count
 E = Vault monster count
 F = Vault count percentage of total count
                 A         B        C        D         E       F
            +---------+---------+-------+---------+---------+-------
      Total |    3731 |    2068 |  35.7 |     127 |      40 |  24.0
            +---------+---------+-------+---------+---------+-------
        D:1 |      29 |       4 |  12.1 |      14 |       2 |  12.5
        D:2 |      81 |      34 |  29.6 |      22 |      11 |  33.3
        D:3 |      16 |       0 |   0.0 |       6 |       0 |   0.0
        D:4 |     281 |       0 |   0.0 |       6 |       0 |   0.0
        D:5 |    1192 |      17 |   1.4 |      29 |       4 |  12.1
        D:6 |     784 |       0 |   0.0 |      21 |       0 |   0.0
        D:7 |    1348 |    2013 |  59.9 |      29 |      23 |  44.2
            +---------+---------+-------+---------+---------+-------
